[Event "61st Mongolian-ch Open 2023"]
[Site "Khovd"]
[Date "2023.05.27"]
[Round "8.2"]
[White "Amartuvshin, Ganzorig"]
[Black "Munkhzul, Turmunkh"]
[Result "1-0"]
[ECO "E92"]
[WhiteElo "2407"]
[BlackElo "2318"]
[Annotator "TA"]
[PlyCount "127"]
[EventDate "2023.05.22"]
[EventType "tourn"]
[EventCountry "MGL"]
[SourceTitle "playchess.com"]
[Source "ChessBase"]
[SourceQuality "1"]
[TimeControl "40/5400+30:1800+30"]

1. d4 Nf6 2. c4 g6 3. Nc3 Bg7 4. e4 d6 5. Be2 O-O 6. Nf3 e5 7. d5 a5 8. Bg5 h6 9. Be3 Ng4 {[%emt 0:00:41] E92: King's Indian: Classical: 6 Be2 e5: 7 dxe5, 7 Be3 and Petrosian System without 7...Nbd7.} 10. Bd2 f5 11. h3 Nf6 {[%emt 0:00:34] White is slightly better.} 12. exf5 gxf5 13. Qc1 f4 14. g3 e4 $1 15. Nh4 e3 $1 {[%emt 0:00:47][%mdl 64] Deflection} 16. fxe3 fxg3 {[%emt 0:00:08][%cal Of6e4] Threatens to win with ...Ne4!} 17. Ng6 {[%emt 0:00:12] Against Ne4} Re8 18. Qc2 (18. Nf4 $11) 18... Na6 $1 $15 (18... g2 19. Rg1 $16) 19. O-O-O (19. Nf4 $15) 19... Nc5 $2 (19... Nb4 $1 $17 {[%cal Rb4c2] keeps the pressure on.} 20. Qb1 Ne4 {[%mdl 64] Decoy} 21. Nxe4 Bf5 22. Bxb4 {[%mdl 64] Remove Defender} axb4) 20. Rhg1 $16 Nfe4 {[%emt 0:13:03] ...Bf5 is the strong threat.} (20... Bxh3 $2 21. Nf4 (21. Rxg3 Qd7 $18) 21... Qd7 22. Nxh3 (22. Rxg3 Bf5 $11) 22... Qxh3 23. Qg6 $18) 21. Nxe4 (21. Rdf1 $16) 21... Bf5 $11 {[%emt 0:03:42] [#]} 22. Bc3 $146 {[%emt 0:02:18] aiming for Bxg7.} ({Predecessor:} 22. Nxc5 Bxc2 23. Kxc2 dxc5 24. Rdf1 Qd6 25. Nf4 Qb6 26. Bc1 Rf8 27. Rxg3 Rae8 28. Bd3 Rxf4 29. Rxf4 {½-½ Flores,D (2592)-Morovic Fernandez,I (2572) American Continental 12th 2016 (9)}) 22... Bxe4 (22... Bxg6 $2 23. Rxg3 Nxe4 24. Rxg6 Nxc3 25. Qxc3 $18) 23. Qd2 {[%emt 0:00:11] Chess con chili.} Qg5 (23... Bxg6 $2 24. Rxg3 Bxc3 25. Qxc3 $18 (25. Rxg6+ Bg7 $11)) 24. Nf4 $1 Kh8 25. Nh5 Bxc3 26. Qxc3+ Qe5 27. Qxe5+ (27. Qd4 {seems wilder.} Bh7 28. Rxg3 Rf8 29. Nf4) 27... Rxe5 28. Rxg3 Bd3 {[%emt 0:01:36][%mdl 64] Deflection. Black is now going downhill.} 29. Bxd3 Nxd3+ (29... Rxh5 $16 30. Bb1 Rg8) 30. Rxd3 $18 Rxh5 $16 {[%emt 0:00:08][%mdl 4096] Endgame KRR-KRR} 31. Rd4 Rg8 (31... Rf8 $16 32. Re4 Rhf5) 32. Rxg8+ $1 $18 Kxg8 {[%emt 0:00:10] [#] KR-KR} 33. h4 Re5 34. Kd2 Kf7 35. Rg4 Kf6 (35... b5 $16 36. e4 (36. cxb5 Rxd5+ 37. Kc3 Rxb5 $11) 36... bxc4) 36. e4 Kf7 37. Kd3 b6 (37... c6 $142 38. Rf4+ Ke7) 38. Kd4 Re7 (38... Ke8 {was necessary.} 39. Rg7 Kd8) 39. Rf4+ Kg8 40. Rg4+ $2 (40. b3 $18) 40... Kh7 $2 (40... Kf7 $11 {and Black is okay.}) 41. Rf4 Kg8 $1 42. Rf6 Rg7 43. Rxh6 Rg2 44. Kc3 {[%emt 0:02:56] Strongly threatening Kb3.} Rg3+ 45. Kc2 Rg2+ $2 (45... Rg4 46. Kd3 Kg7) 46. Kb3 Rg3+ {[%emt 0:11:59] [#]} 47. Ka4 $1 Rg2 48. Ka3 Rg4 49. Re6 Kf7 50. h5 Rg3+ 51. b3 Rh3 52. h6 Rh2 53. b4 axb4+ 54. Kb3 Kf8 55. Rg6 Kf7 56. Rg7+ {[%emt 0:01:36][%mdl 64] Skewer} Kf6 57. e5+ dxe5 58. Rxc7 e4 59. Rc6+ Ke5 60. Re6+ Kd4 61. d6 {[%emt 0:00:10][%cal Bd5d6,Bd6d7][%mdl 32] White mates.} Kc5 62. d7 ({And not} 62. Rxe4 Rh3+ 63. Kb2 Rh2+ 64. Kb3 Rh3+ 65. Kc2 Rh2+ 66. Kd3 Rxh6 $11) 62... Rh3+ 63. Kc2 Rc3+ 64. Kb2 {[%emt 0:00:05] Excellently played by Amartuvshin!   Weighted Error Value: White=0.28 (precise) /Black=0.45} 1-0

[Event "61st Mongolian-ch Open 2023"]
[Site "Khovd"]
[Date "2023.05.27"]
[Round "8.3"]
[White "Gan-Erdene, Sugar"]
[Black "Bulgankhan Ganzorig"]
[Result "1-0"]
[ECO "B51"]
[WhiteElo "2420"]
[BlackElo "2017"]
[Annotator "TA"]
[PlyCount "125"]
[EventDate "2023.05.22"]
[EventType "tourn"]
[EventCountry "MGL"]
[SourceTitle "playchess.com"]
[Source "ChessBase"]
[SourceQuality "1"]
[TimeControl "40/5400+30:1800+30"]

1. e4 c5 2. Nf3 a6 3. c4 e6 4. Nc3 b6 5. Be2 Bb7 6. O-O d6 7. d4 cxd4 8. Nxd4 Nf6 9. Re1 Nbd7 10. Bf1 Be7 {[%emt 0:06:56] B51: Sicilian: Moscow Variation (3 Bb5+) without 3...Bd7.} 11. b3 O-O 12. Bb2 Rc8 {[%emt 0:00:59] White is slightly better.} 13. g3 Qc7 14. Bg2 Rfd8 15. Qe2 Bf8 16. Rad1 Qb8 17. Kh1 Qa8 18. f3 {[%emt 0:06:07] [#]} Nc5 $146 ({Predecessor:} 18... Qb8 19. Rc1 Qa7 20. Red1 Nc5 21. Rc2 h5 22. Rcd2 Qa8 23. Qe3 Re8 24. Nde2 Bc6 {1-0 Wagner,D (2340)-Radikovic,A (1996) Mediterranean Flower (Women) 20th 2020 (8)}) 19. Nc2 a5 (19... b5 $11) 20. Nd4 $14 a4 21. Qc2 Ne8 22. Bh3 (22. Nxa4 Nxa4 23. bxa4 d5 $17) 22... Qa5 23. Ncb5 (23. Nxa4 Nxa4 24. bxa4 Ra8 $11) 23... Qa8 24. Bc3 (24. Re3 $16) 24... Nc7 $11 25. Nxc7 Rxc7 26. Nb5 Rc6 27. Bg2 (27. Bd2 $14) 27... Rcc8 28. Nd4 Nd7 29. Qd2 (29. bxa4 Rxc4 30. a5 Rdc8 $17) 29... Nc5 30. Rb1 Qb8 (30... f5 $5 ) 31. Ba1 Nd7 32. Qe3 Re8 33. Bh3 Ne5 34. Rbd1 (34. bxa4 Nxc4 35. Qe2 d5 36. exd5 Bxd5 $17) 34... Rcd8 35. f4 (35. bxa4 Nxc4 36. Qb3 d5 $17) 35... Nd7 36. Bg2 e5 37. Nb5 exf4 38. gxf4 (38. Qxf4 $11 f6 39. Bd4 (39. Nxd6 Bxd6 40. Qxd6 Qxd6 $11) (39. bxa4 Qc8 $14)) 38... Nc5 $15 39. e5 (39. Nc3 $1 $15 axb3 40. Qf2 (40. axb3 Nxb3 41. Bb2 Na5 $15)) 39... dxe5 40. fxe5 Bxg2+ (40... Qa8 $1 $19 41. Qe2 axb3 42. axb3 Nd3 {[%mdl 64] Deflection} 43. Rxd3 Rxd3 44. Qxd3 Bxg2+ 45. Kg1 Bc6) 41. Kxg2 $17 axb3 42. axb3 Re6 43. Qf3 {[%emt 0:01:27] [#]} Rg6+ (43... Qa8 $1 $17 {[%cal Oc5e4] aiming for ...Ne4!} 44. Qxa8 Rxa8) 44. Kh1 $11 Rxd1 45. Rxd1 {[%emt 0:00:05] [#]} Nxb3 46. Rf1 $14 Bc5 $1 47. Qxf7+ Kh8 {[%emt 0:00:14] ...Nd2 would be deadly.} 48. Bc3 {[%emt 0:03:05] Prevents Nd2} (48. Nd6 $1 $14 Qg8 49. Qd5) 48... Qg8 $1 $36 {[%emt 0:01:25][%mdl 2048] ( -> ...Qxf7). Black is pushing.} 49. Qd5 {[%emt 0:00:57] And now Nc7 would win. Active counter play!} h6 $1 50. Qxg8+ Kxg8 51. Nc7 Rg4 52. Nd5 (52. Rb1 $5 Na5 53. Bxa5 bxa5 54. e6 $15) 52... Re4 53. Rb1 Nd4 54. Nxb6 Ne2 55. Ba1 Nf4 {[%emt 0:01:12] Hoping for ...Bxb6.} 56. Nd5 Nd3 57. Kg2 Nxe5 58. Bxe5 Rxe5 {[%emt 0:00:06] KRB-KRN} 59. Kf3 Rh5 $2 (59... Rf5+ $11 {and Black stays safe.} 60. Ke2 Rf2+ 61. Kd3 Rxh2) 60. Rb5 $18 Rf5+ $2 (60... Kf7 61. Rxc5 Rxh2 62. Rc7+ Ke6 63. Rxg7 Ke5) 61. Ke4 {[%emt 0:00:06] White is clearly winning.} Rf2 62. Rxc5 Rxh2 63. Rc7 {[%emt 0:00:34] What a bad dream for Black.   Weighted Error Value: White=0.17 (very precise) /Black=0.28 (precise)} (63. Rc8+ $142 Kf7 64. c5) 1-0

[Event "61st Mongolian-ch Open 2023"]
[Site "Khovd"]
[Date "2023.05.27"]
[Round "8.4"]
[White "Munguntuul, Batkhuyag"]
[Black "Chinguun, Sumiya"]
[Result "0-1"]
[ECO "B90"]
[WhiteElo "2408"]
[BlackElo "2298"]
[Annotator "TA"]
[PlyCount "94"]
[EventDate "2023.05.22"]
[EventType "tourn"]
[EventCountry "MGL"]
[SourceTitle "playchess.com"]
[Source "ChessBase"]
[SourceQuality "1"]
[TimeControl "40/5400+30:1800+30"]

1. e4 c5 2. Nf3 d6 3. d4 cxd4 4. Nxd4 Nf6 5. Nc3 a6 6. Nb3 g6 {[%emt 0:00:34] B90: Sicilian Najdorf: Unusual White 6th moves, 6 Be3 Ng4 and 6 Be3 e5.} 7. Be2 Bg7 8. Be3 {[%emt 0:00:10][%cal Oe4e5] now scores much better than the old 8.g4.} Nbd7 {[%emt 0:00:17] The position is equal.} 9. g4 h5 {[%emt 0:00:34] Hoping for ...hxg4.} 10. gxh5 ({Better is} 10. g5 $11 Ng4 11. Bd2) 10... Nxh5 $15 11. Qd2 b5 12. O-O-O Bb7 13. Nd5 Rc8 14. f3 {[%emt 0:10:12][%cal Bf2f3,Bf3f4][%mdl 32] [#]} Ne5 $146 (14... Bxd5 {looks sharper.} 15. Qxd5 Qc7 16. Qd2 Nb6) ({Predecessor:} 14... Bxd5 15. exd5 Nb6 16. Kb1 Nf6 17. Bxb6 Qxb6 18. f4 Ne4 19. Qe1 Nf2 20. Qg1 Rb8 {0-1 Kadric,D (2500)-Ruiz Castillo,J (2379) Texas Collegiate Super Finals 2017 (2.2)}) 15. Na5 Bxd5 16. exd5 Nf6 17. f4 Ne4 (17... Nc4 {simplifies} 18. Nxc4 bxc4 19. Qb4 Qc7) 18. Qb4 Qc7 $1 19. c3 (19. fxe5 $2 Qxc2#) ({Much worse is} 19. Qxe4 f5 20. Bxb5+ Kf8 $17) 19... Nd7 {[%emt 0:03:06][%cal Re4c3] And now ...Nxc3! would win.} 20. Nc6 (20. Qxe4 $11 Qxa5 21. Kb1) 20... Nef6 21. c4 (21. Bf3 $15) 21... bxc4 22. Bxc4 Nb8 23. Na5 Rh3 24. Bb6 Qd7 {[%emt 0:00:07] White must now prevent ...Qf5.} 25. Kb1 Kf8 $36 {[%emt 0:02:20][%mdl 2048] Black has strong initiative.} 26. Ka1 Qf5 27. Ba7 Nbd7 28. Nc6 Qxf4 (28... Re8 {seems wilder.} 29. Qd2 Ne4 30. Qc2 Qxf4 31. Bf1 Ra3) 29. Bxa6 (29. Bd4 $15) 29... Qxb4 $17 30. Nxb4 Ra8 31. Bd4 Ne4 32. Kb1 f5 {[%emt 0:00:58] Black is more active.} 33. Bb5 (33. Bf1 $17 Rh4 34. Nc6) 33... Ndc5 34. Nc6 f4 ({Black should play} 34... Bxd4 $17 35. Rxd4 Kf7) 35. Nxe7 Kxe7 $19 36. Bxg7 Nf2 $1 37. Rde1+ Kf7 38. Rhf1 Nfd3 (38... Nfe4 $19 39. Rxf4+ Kxg7 40. Rfxe4 Nxe4 41. Rxe4 Rxh2 42. Re7+ Kh8) 39. Bc3 $17 Nxe1 40. Rxf4+ Kg8 $1 41. Bxe1 {[%emt 0:01:42] Threatens to win with Bg3. A strong pair of Bishops.} Rxh2 42. Rf1 $2 {[%emt 0:02:45][%mdl 8192] [#]} (42. Bc3 $17) 42... Rb8 $1 $19 {[%emt 0:01:17] Black is clearly winning.} 43. a4 {[%emt 0:06:11] [#]} Nxa4 $1 44. Bxa4 Rbxb2+ 45. Kc1 Ra2 46. Bc3 {[%emt 0:00:20] Against Ra1+} Rxa4 47. Rf6 Rg4 {[%emt 0:00:08] Weighted Error Value: White=0.47/Black=0.12 (very precise)} 0-1

[Event "61st Mongolian-ch Open 2023"]
[Site "Khovd"]
[Date "2023.05.27"]
[Round "8.5"]
[White "Munkhgal, Gombosuren"]
[Black "Ulziikhishig Khishigbat"]
[Result "1-0"]
[ECO "D35"]
[WhiteElo "2463"]
[BlackElo "1601"]
[Annotator "TA"]
[PlyCount "99"]
[EventDate "2023.05.22"]
[EventType "tourn"]
[EventCountry "MGL"]
[SourceTitle "playchess.com"]
[Source "ChessBase"]
[SourceQuality "1"]
[TimeControl "40/5400+30:1800+30"]

1. d4 Nf6 2. c4 e6 3. Nc3 d5 4. cxd5 exd5 5. Bg5 c6 6. e3 Bf5 7. Qf3 Bg6 8. Bxf6 Qxf6 9. Qxf6 gxf6 10. Nf3 Bd6 {D35: Queen's Gambit Declined: Exchange Variation.} 11. Nh4 Nd7 12. f4 {[%emt 0:00:00][%cal Bf2f4,Bf4f5][%mdl 32] [#]} h6 $146 {[%emt 0:00:30] White is slightly better.} ({Predecessor:} 12... f5 13. Bd3 O-O-O 14. Nxf5 Bxf5 15. Bxf5 Kc7 16. Rc1 Bb4 17. Kf2 Bxc3 18. Rxc3 Nf6 {½-½ Birovecz,B (1912)-Barasits,B (2022) HUN-ch U18 Balatonlelle 2019 (5)}) 13. f5 Bh7 14. Rc1 Rg8 15. Kf2 Nb6 16. Be2 Kd7 17. g4 Rae8 18. Ng2 Nc8 19. Nf4 (19. Bf3 $16) 19... Bxf4 $11 20. exf4 Nd6 (20... Rxe2+ $1 $11 {remains equal.} 21. Nxe2 (21. Kxe2 Rxg4 22. Rhg1 Bxf5 $11) 21... Rxg4) 21. Bf3 $16 {[%emt 0:00:00] White leaves nothing to chance now.} b5 22. Rhe1 Rxe1 23. Rxe1 Re8 24. Ne2 h5 {[%emt 0:08:55] ...hxg4 would be deadly.} 25. h3 b4 26. Rd1 (26. gxh5 $6 Bxf5 27. Bg4 Be6 $11) 26... h4 {[%emt 0:02:17] [#] Prevents Ng3.} 27. Nc1 $1 Nc4 28. Nd3 a5 29. Be2 {[%emt 0:00:00] Nc5+ is the strong threat.} Kd6 30. b3 Ne3 31. Rd2 Re7 {[%emt 0:07:21] Repels Ne5} (31... Nxf5 $16 {might work better.} 32. gxf5 Bxf5) 32. Ne5 $18 c5 (32... Bxf5 $142 33. gxf5 (33. Kxe3 Bd7 $16) 33... Nxf5) 33. Nxf7+ (33. Kxe3 cxd4+ 34. Kxd4 fxe5+ 35. fxe5+ Rxe5 $18) 33... Rxf7 34. dxc5+ (34. Kxe3 Re7+ 35. Kf2 cxd4 $16) 34... Kxc5 35. Kxe3 {[%emt 0:00:00][%cal Od2d5][%mdl 4096] Endgame Strongly threatening Rxd5+! KRB-KRB} Re7+ 36. Kd3 Bg8 37. Rc2+ Kd6 38. Rc8 {[%emt 0:00:00] Prevents d4} Bf7 39. g5 d4 (39... a4 $142 40. bxa4 d4) 40. g6 Bd5 41. Bg4 (41. Kxd4 Rxe2 42. Rd8+ Kc6 43. Rc8+ Kd6 44. Rd8+ Kc6 45. Rc8+ Kd6 $11) 41... a4 42. Kxd4 {[%emt 0:00:00] Black must now prevent Rd8+.} axb3 43. axb3 {[%emt 0:00:00] Threatening mate with Rd8+.} (43. Rd8+ $2 Kc7 44. axb3 (44. Rxd5 $2 {perishes.} b2 $19) 44... Kxd8 $19) 43... Bxb3 44. Rb8 Bc2 (44... Rd7 $142) 45. Rb6+ {[%emt 0:00:00][%mdl 64] [#] Skewer} (45. Rxb4 Re4+ 46. Kc3 Rxb4 $11) 45... Kd7 46. g7 ({Not} 46. Rxb4 Re4+ 47. Kc5 Rxb4 48. Kxb4 Ke7 $16) 46... Bb3 47. Rxb4 Bg8 48. Rb8 (48. Rb7+ $142 Kd6 49. Rxe7 Kxe7 50. Be2 Bh7 51. Bc4 Kd6 52. Bd5 Kc7 53. Kc5) 48... Re8 49. Rxe8 Kxe8 50. Bf3 {[%emt 0:00:00] Weighted Error Value: White=0.16 (very precise) /Black=0.51} 1-0

[Event "61st Mongolian-ch Open 2023"]
[Site "Khovd"]
[Date "2023.05.27"]
[Round "8.6"]
[White "Erdene, Ganzorig"]
[Black "Bilguun, Sumiya"]
[Result "0-1"]
[ECO "D36"]
[WhiteElo "2278"]
[BlackElo "2474"]
[Annotator "TA"]
[PlyCount "40"]
[EventDate "2023.05.22"]
[EventType "tourn"]
[EventCountry "MGL"]
[SourceTitle "playchess.com"]
[Source "ChessBase"]
[SourceQuality "1"]
[TimeControl "40/5400+30:1800+30"]

1. d4 Nf6 2. c4 e6 3. Nf3 d5 4. cxd5 exd5 5. Nc3 c6 6. Bg5 Be7 7. Qc2 g6 8. e4 dxe4 9. Bxf6 Bxf6 10. Qxe4+ Qe7 11. Qxe7+ {[%emt 0:00:19] D36: Queen's Gambit Declined: Exchange Variation: Main line (5 Bg5 c6 6 Qc2).} Kxe7 12. O-O-O (12. Bc4 $5) 12... Rd8 13. Bc4 {[%emt 0:02:15] Black has an edge.} Bg4 {[%emt 0:04:45] [#]} (13... b5 $5 14. Bb3 Bg4 $11) 14. Rd3 $146 ({Predecessor:} 14. Ne4 Bxf3 15. gxf3 Rxd4 16. Rxd4 Bxd4 17. Re1 Nd7 18. Ng5+ Kf6 19. Nxh7+ Kg7 20. Ng5 {0-1 Budnikov,O (2373)-Baryshpolets,A (2544) Lutsk Nebesna Sotnya Memorial blitz 2015 (17)}) 14... Kf8 15. Ne4 Bg7 {[%emt 0:08:30] A strong pair of Bishops.} 16. Re1 b5 17. Bb3 Na6 (17... c5 $5 18. Nfg5 (18. Nxc5 Nc6 $17) 18... Bh6 $15) 18. h3 ({Better is} 18. Nfg5 $15 Bh6 19. h4) 18... Bf5 $17 {[%emt 0:01:07] And now ...Bxe4 would win.} 19. g4 $2 {[%emt 0:00:36] [#]} (19. Rc3 $17 {is a better defense.}) 19... Bxe4 $19 20. Rxe4 Nc5 {[%emt 0:00:09] White got outplayed after the opening.   Weighted Error Value: White=0.41/Black=0.04 (flawless)} 0-1

[Event "61st Mongolian-ch Open 2023"]
[Site "Khovd"]
[Date "2023.05.28"]
[Round "9.1"]
[White "Ulziikhishig Khishigbat"]
[Black "Erdene, Ganzorig"]
[Result "1-0"]
[ECO "D07"]
[WhiteElo "1601"]
[BlackElo "2278"]
[Annotator "TA"]
[PlyCount "55"]
[EventDate "2023.05.22"]
[EventType "tourn"]
[EventCountry "MGL"]
[SourceTitle "playchess.com"]
[Source "ChessBase"]
[SourceQuality "1"]
[TimeControl "40/5400+30:1800+30"]

1. d4 d5 2. c4 Nc6 3. Nc3 Nf6 4. Nf3 Bg4 5. cxd5 Bxf3 6. dxc6 Bxc6 7. f3 e6 8. e4 Be7 {[%emt 0:00:11] D07: Queen's Gambit: Chigorin Defence.} 9. Be3 a6 {[%emt 0:01:24] [#]} 10. a4 $146 ({Predecessor:} 10. Be2 O-O 11. Qc2 b5 12. O-O Bb7 13. a4 b4 14. Na2 Qb8 15. Nc1 Nd7 16. Nb3 {½-½ Burlov,V (2350)-Demidov,M (2404) Moscow Itkin Memorial-B 2011 (6)}) 10... O-O {[%emt 0:03:19] White is slightly better.} 11. Bd3 Rb8 12. O-O Qd7 13. Qc2 h6 14. Ne2 Nh7 $2 {[%emt 0:09:07][%mdl 8192] [#] This move loses the game for Black.} (14... Nh5 $14) 15. d5 $1 $18 Rfd8 (15... exd5 16. exd5) 16. Rfd1 (16. dxc6 Qxd3 17. Qxd3 Rxd3 $18) 16... Bxa4 17. Rxa4 (17. Qxa4 Qxa4 18. Rxa4 exd5 19. exd5 Nf6 $18) 17... exd5 18. e5 Nf8 19. Rg4 {[%emt 0:00:37] Inhibits c5.} Qe6 (19... Bg5 $142 20. Bxg5 hxg5) 20. Bf5 Qc6 21. Qd2 h5 22. Rd4 g6 23. Bh3 {[%emt 0:02:22][%cal Oe2f4] And now Nf4! would win.} Qb6 24. Nc3 ({Not} 24. Rxd5 Rxd5 25. Bxb6 Rxd2 26. Rxd2 cxb6 $15) 24... c6 25. Rxd5 {[%emt 0:02:14][%mdl 64] [#] Discovered Attack} Qc7 26. Rd6 {[%emt 0:00:07] White is clearly winning.} ({Weaker is} 26. Rxd8 Rxd8 27. Qe2 (27. Bd4 c5 $17) 27... Rxd1+ 28. Nxd1 (28. Qxd1 Qxe5 29. Qe2 Bc5 $18) 28... Qxe5 $18) 26... Bxd6 (26... f6 $142 27. Ne4 fxe5) 27. exd6 Qa5 {[%emt 0:00:08] Black is weak on the dark squares} 28. Bg5 {[%emt 0:00:25] Weighted Error Value: White=0.43/Black=0.55} 1-0

[Event "61st Mongolian-ch Open 2023"]
[Site "Khovd"]
[Date "2023.05.28"]
[Round "9.2"]
[White "Bulgankhan Ganzorig"]
[Black "Enkhnar, Enkhbaatar"]
[Result "1-0"]
[ECO "D46"]
[WhiteElo "2017"]
[BlackElo "2360"]
[Annotator "TA"]
[PlyCount "35"]
[EventDate "2023.05.22"]
[EventType "tourn"]
[EventCountry "MGL"]
[SourceTitle "playchess.com"]
[Source "ChessBase"]
[SourceQuality "1"]
[TimeControl "40/5400+30:1800+30"]

1. d4 Nf6 2. c4 c6 3. Nc3 d5 4. Nf3 e6 5. e3 Be7 6. Bd3 O-O 7. O-O Nbd7 8. e4 dxe4 9. Nxe4 b6 10. Qe2 Bb7 11. Bg5 {[%emt 0:01:24] [#]} Nh5 $146 {[%emt 0:02:17] D46: Semi-Slav: 5 e3 Nbd7 6 Bd3, Black avoids the Meran.} ({Predecessor:} 11... h6 12. Bxf6 Nxf6 13. Rad1 Qc7 14. c5 Rad8 15. b4 Nd5 16. a3 bxc5 17. Nxc5 Nc3 18. Qe3 Nxd1 19. Qe4 Bc8 20. Qh7# {1-0 Baum,J (2373)-Le Hetet,N (2393) Titled Tuesday intern op 5th May blitz 2020 (10)}) 12. Rfd1 Bxg5 13. Nfxg5 (13. Nexg5 $5 h6 14. Ne4 $11 (14. Qe4 Ndf6 $17)) 13... Nf4 {[%emt 0:01:05] White has an edge.} 14. Qf3 (14. Qe3 $5 Nxd3 15. Rxd3 $14 (15. Qxd3 h6 $11)) 14... Nxd3 15. Qxd3 $40 {[%emt 0:00:04][%cal Og5h7][%mdl 128] Threatens to win with Nxh7! White has some attack.} ({Much weaker is} 15. Rxd3 h6 16. Nh3 c5 $15) 15... g6 (15... h6 $11 {keeps the balance.} 16. Nf3 c5) 16. Qh3 $16 {[%emt 0:03:05][%csl Gg5][%cal Rh3h7] [#]} h5 17. Qg3 {[%emt 0:02:34][%cal Og5e6] Hoping for Nxe6! White has more active pieces. The black rooks are badly placed.} Qe7 {[%emt 0:03:17] Black is weak on the dark squares} (17... Nf6 $16 18. Rd3 Nxe4 19. Nxe4 Kg7) 18. Qc7 {[%emt 0:00:41] Black got outplayed after the opening.   Weighted Error Value: White=0.05 (flawless) /Black=0.50} 1-0

[Event "61st Mongolian-ch Open 2023"]
[Site "Khovd"]
[Date "2023.05.28"]
[Round "9.3"]
[White "Chinguun, Sumiya"]
[Black "Amartuvshin, Ganzorig"]
[Result "1/2-1/2"]
[ECO "B24"]
[WhiteElo "2298"]
[BlackElo "2407"]
[Annotator "TA"]
[PlyCount "108"]
[EventDate "2023.05.22"]
[EventType "tourn"]
[EventCountry "MGL"]
[SourceTitle "playchess.com"]
[Source "ChessBase"]
[SourceQuality "1"]
[TimeControl "40/5400+30:1800+30"]

1. e4 c5 2. Nc3 e6 3. g3 d5 4. d3 Nc6 5. Bg2 Nf6 6. f4 dxe4 {[%emt 0:01:43] B24: Closed Sicilian: 3 g3 sidelines.} 7. dxe4 Qxd1+ $1 8. Nxd1 e5 9. Ne3 Bd6 10. Ne2 {[%emt 0:05:50] [#]} Be6 $146 ({Predecessor:} 10... O-O 11. f5 b5 12. a4 bxa4 13. Rxa4 a5 14. g4 h6 15. h4 Ba6 16. g5 Nh5 {½-½ Piorun,K (2641)-Volkov,M (2153) Titled Tuesday intern op 04th Jan blitz 2022 (3)}) 11. f5 Bd7 12. Nc4 Bc7 13. Bg5 Nd4 14. Bxf6 gxf6 15. Ne3 ({Reject} 15. Nxd4 exd4 16. O-O O-O-O $17) 15... Bc6 16. c3 Nb5 17. O-O-O Ke7 18. a4 Nd6 19. Nd5+ Bxd5 20. Rxd5 Bb6 21. Bf3 Nc4 22. Rhd1 Rhd8 {[%emt 0:00:11] Repels Rd7+} 23. Rxd8 Bxd8 24. b3 Na5 25. Kc2 c4 26. b4 Nc6 27. Ng1 Rc8 28. Be2 a5 29. bxa5 Nxa5 30. Rb1 b6 31. Rb4 {[%emt 0:00:38] White is more active.} Rc6 32. Nf3 Ke8 33. Nd2 Be7 34. Rb5 Bf8 {[%emt 0:00:51] [#]} 35. Rxa5 bxa5 $11 36. Nxc4 $14 {[%emt 0:00:04][%mdl 4096] Endgame KRB-KBN} Rc5 37. Ne3 Be7 38. Nd5 Kf8 39. Kd3 Rc6 40. Ke3 Bc5+ 41. Kf3 Kg7 42. Kg4 Rc8 43. Bb5 {[%emt 0:01:00] [#]} h5+ $1 44. Kh3 Rh8 45. Kh4 Bg1 46. Kh3 h4 47. g4 (47. gxh4 $11 Bf2 48. Kg2) 47... Bc5 (47... Kh6 $15) 48. c4 $11 {[%emt 0:13:20] The position is equal.} Bd4 49. Bd7 Bc5 50. Bb5 Bb4 51. Ba6 Bd6 52. Bb5 Bc5 53. Ba6 Bb4 54. Bb5 Bc5 {[%emt 0:03:48] Weighted Error Value: White=0.06 (flawless) /Black=0.06 (flawless)} 1/2-1/2